 Dungeon Crawl Stone Soup version 0.19.6-3-g7d5932f76a (webtiles) character file.

89 Morbidden the Magician (level 4, -5/32 HPs)
             Began as a Demonspawn Wizard on Nov 3, 2020.
             Slain by Natasha (8 damage)
             ... on level 2 of the Dungeon.
             The game lasted 00:04:08 (1633 turns).

Morbidden the Magician (Demonspawn Wizard)          Turns: 1633, Time: 00:04:09

Health: -5/32      AC:  4    Str:  8    XL:     4   Next: 31%
Magic:  1/10       EV: 12    Int: 20    God:
Gold:   121        SH:  0    Dex: 11    Spells: 2 memorised, 8 levels left

rFire  . . .     SeeInvis .     h - +0 spear
rCold  . . .     Gourm    .     a - +0 robe
rNeg   . . .     Faith    .     (no shield)
rPois  .         Spirit   .     b - +0 hat
rElec  .         Reflect  .     m - +0 cloak
rCorr  .         Harm     .     e - +0 pair of gloves
MR     .....                    (no boots)
Stlth  ++........               (no amulet)
                                (no ring)
                                (no ring)

@: very slightly contaminated, slowed, very slow
A: hooves 1, powered by pain 1
a: no special abilities


You were on level 2 of the Dungeon.
You were not hungry.

You visited 1 branch of the dungeon, and saw 3 of its levels.

You collected 121 gold pieces.

Inventory:

Hand Weapons
 h - a +0 spear (weapon)
Armour
 a - a +0 robe (worn)
 b - a +0 hat (worn)
 e - a +0 pair of gloves (worn)
 m - a +0 cloak (worn)
Jewellery
 o - a +2 ring of protection {unknown}
Scrolls
 f - a scroll of enchant weapon {unknown}
 g - a scroll of remove curse {unknown}
 j - a scroll of recharging {unknown}
 k - a scroll of identify {unknown}
 n - a scroll of amnesia {unknown}
 p - a scroll of enchant armour {unknown}
Potions
 i - a potion of ambrosia {unknown}
 l - a potion of cure mutation {unknown}
 q - a potion of might
Books
 c - a book of Minor Magic

   Spells                             Type                      Level
   a - Magic Dart                     Conjuration                  1
   b - Blink                          Translocation                2
   c - Call Imp                       Summoning                    2
   d - Repel Missiles                 Charms/Air                   2
   e - Slow                           Hexes                        2
   f - Conjure Flame                  Conjuration/Fire             3
   g - Mephitic Cloud                 Conjuration/Poison/Air       3
Comestibles
 d - 3 bread rations
 r - a chunk of flesh
 s - 3 fruits
 t - a meat ration


   Skills:
 * Level 1.0 Fighting
 + Level 0.6 Polearms
 + Level 2.0 Dodging
 + Level 1.8 Stealth
 * Level 4.1 Spellcasting
 * Level 2.0 Conjurations
 + Level 1.0 Summonings
   Level 0.8 Translocations


You had 8 spell levels left.
You knew the following spells:

 Your Spells              Type           Power        Failure   Level  Hunger
a - Magic Dart            Conj           ##..         6%          1    None
b - Call Imp              Summ           #.......     14%         2    #......


Dungeon Overview and Level Annotations

Branches:
Dungeon (3/15)

Altars:
Elyvilon
Sif Muna
Zin

Shops:
D:2 *

Annotations:
D:2 Natasha
D:3 Xiguana's ghost, weakling HESu


Innate Abilities, Weirdness & Mutations

You have large cloven feet.
You sometimes gain a little power by taking damage.


Message History

Your crimson imp barely misses the crimson imp.
The iron imp barely misses you. Natasha closely misses you.
The hobgoblin barely misses you.
Your crimson imp hits the crimson imp but does no damage.
Unknown command.
Your crimson imp closely misses the crimson imp.
The iron imp hits you!
* * * LOW HITPOINT WARNING * * *
Natasha closely misses you.
Unknown command.
Unknown command.
Your crimson imp disappears in a puff of smoke!
The crimson imp blinks!
Unknown command.
Unknown command.
The crimson imp spits at you. The crimson imp hits you.
* * * LOW HITPOINT WARNING * * *
Natasha claws you!
You die...

* *****,,****..,**,**,*8,*,8*,* *
*,,.....#**#.#,,**,,,**,, *
***,....###..,,****_**,,, * ###**
**#.#......,** ***,,,, ** #..,*
###...#...,** **,,,,,
,*###...*##.......#*** **,,),,,
,,......##.).#...#* *,,,,,,,
****#....#<###)#5#### **,,*,,,,
#....[.>)...@5g.#***#..,***,, **
#...#..##..##h..##5....,**,,*
,***#.....###.####....§....,*,,**
,,,.......#....* ###.......,,,,*⌠
,,.####.#......# *##...).,**,**
,,,*,...##.....# *,....,**,,*
,,,*.....>..#### **,.#.***,,,
,,,*##.,.#.#* *,*#,*,,,,,
,,,,,<,*,,,* *)**,,,***,


You could see an iron imp, Natasha, a crimson imp and a hobgoblin.

Vanquished Creatures
  Natasha (D:2)
  2 adders (D:2)
  A dart slug (D:2)
  2 ball pythons (D:1)
  A giant cockroach (D:2)
  8 goblins
  4 hobgoblins
  3 jackals
  8 kobolds
  7 bats
  2 frilled lizards (D:1)
  A rat (D:2)
40 creatures vanquished.

Vanquished Creatures (collateral kills)
  A leopard gecko (D:2)
1 creature vanquished.

Grand Total: 41 creatures vanquished

Notes
Turn   | Place    | Note
-------+----------+-------------------------------------------
     0 | D:1      | Morbidden the Demonspawn Wizard began the quest for the Orb.
     0 | D:1      | Reached XP level 1. HP: 13/13 MP: 4/4
   195 | D:1      | Gained mutation: You have large cloven feet. [demonic ancestry]
   195 | D:1      | Reached XP level 2. HP: 18/19 MP: 3/6
   765 | D:2      | Found Zin's Purification Station.
   798 | D:2      | Found a glowing silver altar of Zin.
   943 | D:2      | Gained mutation: You sometimes gain a little power by taking damage. [demonic ancestry]
   943 | D:2      | Reached XP level 3. HP: 23/25 MP: 4/8
  1023 | D:2      | Found a deep blue altar of Sif Muna.
  1034 | D:2      | Found a white marble altar of Elyvilon.
  1133 | D:2      | Learned a level 2 spell: Call Imp
  1289 | D:3      | Noticed Xiguana's ghost (weakling HESu)
  1355 | D:3      | Noticed Natasha
  1368 | D:2      | HP: 1/25 [Natasha/magic dart (2)]
  1369 | D:2      | Killed Natasha
  1369 | D:2      | Reached skill level 4 in Spellcasting
  1369 | D:2      | Reached XP level 4. HP: 1/31 MP: 3/10
  1601 | D:2      | Reached skill level 1 in Fighting
  1615 | D:2      | Noticed Natasha
  1633 | D:2      | Slain by Natasha

Skill      XL: |  1  2  3  4 |
---------------+-------------+-----
Dodging        | 2 |  2.0
Conjurations   | 2 |  2.0
Spellcasting   | 4 |  4.1
Fighting       | 1 |  1.0
Polearms       | |  0.6
Stealth        | |  1.8
Summonings     | |  1.0
Translocations | |  0.8

Action                   |  1- 3 |  4- 6 || total
-------------------------+-------+-------++-------
Melee: Spear             |    40 |     5 ||    45
       Kick              |     4 |     1 ||     5
 Cast: Magic Dart        |    71 |    10 ||    81
       Call Imp          |     2 |     2 ||     4
  Use: Potion            |     1 |       ||     1
  Eat: Chunk             |     1 |     1 ||     2
Armor: Robe              |    11 |     3 ||    14
Dodge: Dodged            |    35 |     9 ||    44
